 Dungeon Crawl Stone Soup version 0.30-a0-313-gae38170b09 (webtiles) character file.

Game seed: 7885929702934619174

16 ragingrage the Ruffian (level 2, -2/25 HPs)
             Began as a Naga Transmuter on Oct 26, 2022.
             Slain by an adder (4 damage)
             ... on level 2 of the Dungeon.
             The game lasted 00:01:01 (1261 turns).

ragingrage the Ruffian (Naga Transmuter)            Turns: 1261, Time: 00:01:01

Health: -2/25      AC:  1    Str: 12    XL:     2   Next: 54%
Magic:  4/5        EV:  9    Int: 13    God:
Gold:   62         SH:  0    Dex: 11    Spells: 2/5 levels left

rFire   . . .      SeeInvis +    f - +1 dagger (venom)
rCold   . . .      Faith    .    (no shield)
rNeg    . . .      Spirit   .    a - +0 robe
rPois   +          Reflect  .    (helmet currently unavailable)
rElec   .          Harm     .    (no cloak)
rCorr   .          Rampage  .    (no gloves)
Will    .....                    (no barding)
Stlth   +.........               (no amulet)
HPRegen 0.24/turn                (no ring)
MPRegen 0.09/turn                (no ring)

@: appendages, very slow
A: horns 2, AC +0, large, see invisible, deformed body, poison resistance,
slowness 2, spit poison 1, naga tail 1
a: Spit Poison, End Transformation


You were on level 2 of the Dungeon.
You had temporarily grown beastly horns.
You visited 1 branch of the dungeon, and saw 2 of its levels.

You collected 62 gold pieces.

Inventory:

Hand Weapons
 f - a +1 dagger of venom (weapon)
Armour
 a - a +0 robe (worn)
Scrolls
 e - a scroll of amnesia {unknown}
 g - a scroll of identify {unknown}
 i - 2 scrolls of teleportation {unknown}
Potions
 b - a potion of lignification
 c - 2 potions of mutation {unknown}
 d - a potion of cancellation {unknown}
 h - a potion of heal wounds {unknown}


   Skills:
 - Level 1.0 Fighting
 - Level 1.5 Dodging
 + Level 3.4 Unarmed Combat
 - Level 2.0 Spellcasting
 + Level 2.5 Transmutations


You had 2 spell levels left.
You knew the following spells:

 Your Spells              Type           Power      Damage    Failure   Level
a - Beastly Appendage     Tmut           16%        N/A       9%          1
b - Wereblood             Tmut           8%         N/A       13%         2

Your spell library contained the following spells:

 Spells                   Type           Power      Damage    Failure   Level
 Spider Form              Tmut/Pois      4%         N/A       41%         3
 Vhi's Electric Charge    Tloc/Air       2%         N/A       58%         3
 Ice Form                 Ice/Tmut       4%         N/A       83%         4
 Arcjolt                  Conj/Air       0%         1d10      100%        5
 Maxwell's Capacitive Co  Air            0%         ∞         100%        8


Dungeon Overview and Level Annotations

Branches:
Dungeon (2/15)

Altars:


Innate Abilities, Weirdness & Mutations

You have temporarily grown beastly horns.
Your serpentine skin is tough. (AC +0)
You have supernaturally acute eyesight. (SInv)
Armour fits poorly on your strangely shaped body.
Your system is resistant to poisons. (rPois)
You cover ground very slowly.
You can spit poison.
You have a snake-like lower body.


Message History

A frilled lizard comes into view.
The adder hisses angrily.
You see here a ball python corpse.
The adder attacks as you move away! The adder barely misses you.
The adder attacks as you move away! The adder bites you but does no damage.
The adder bites you.
You miss the adder. The adder bites you.
The adder bites you but does no damage.
You completely miss the adder. The adder closely misses you.
You closely miss the adder. The adder barely misses you.
You closely miss the adder. The adder completely misses you.
You miss the adder. The adder bites you. The adder barely misses you.
You closely miss the adder. The adder closely misses you.
You hit the adder.
The adder is poisoned.
The adder is moderately wounded.
The adder bites you.
You are poisoned.
The adder poisons you!
Casting: Beastly Appendage (safe; 9% risk of failure)
Confirm with . or Enter, or press ? or * to list all spells.
You grow a pair of large bovine horns.
You feel sick. The adder barely misses you. The adder bites you.
You barely miss the adder.
The adder is moderately wounded.
You feel sick. The adder bites you.
You miss the adder.
The adder is moderately wounded.
You feel sick. The adder bites you.
You barely miss the adder. Your headbutt misses the adder.
The adder is moderately wounded.
You feel sick. The adder bites you.
* * * LOW HITPOINT WARNING * * *
The adder bites you.
* * * LOW HITPOINT WARNING * * *
You hit the adder.
The adder looks as sick as possible!
The adder is severely wounded.
You feel sick.
You are no longer poisoned.
The adder bites you.
You die...

####. .....
######### ......
#.......#
.....l######.#####.#
#.........# #.#
#...†.....# #.#
#.####l##.# #.#
#S##.#####.#
#@##.^.....#
#.#####.####
#.#####.# #.##.<..#
..##..#.##.#
#.###.#.##.# #.#
#.#.##.# #.#
#.#.##.# #.#
#.#.##.#


You could see an adder (extremely poisoned) and a frilled lizard.

Vanquished Creatures
  3 bats
  3 goblins (D:1)
  A hobgoblin (D:1)
  2 quokkas (D:1)
  2 ball pythons
  2 frilled lizards (D:1)
  2 kobolds (D:1)
  A rat (D:1)
16 creatures vanquished.

Notes
Turn   | Place    | Note
-------+----------+-------------------------------------------
     0 | D:1      | ragingrage the Naga Transmuter began the quest for the Orb.
     0 | D:1      | Reached XP level 1. HP: 18/18 MP: 3/3
   247 | D:1      | Reached XP level 2. HP: 15/25 MP: 3/5
   808 | D:1      | Learned a level 2 spell: Wereblood
  1261 | D:2      | Slain by an adder

Illustrated notes

Levels and vault maps discovered:
D:1:      dpeg_arrival_pits, layout_loops_ring, st_stairs_2, chequers_big_river
D:2:      layout_loops_ring, amcnicky_mini_pool_small, minmay_misc_feat_five

Action                   || total
-------------------------++-------
Melee: Unarmed           ||    12
       Headbutt          ||     1
       Dagger            ||    19
       Punch             ||     1
 Cast: Beastly Appendage ||    12
 Abil: Spit Poison       ||    10
Armor: Robe              ||     6
Dodge: Dodged            ||    17

Table legend: (Time is in decaauts)
 A = Elapsed time spent in this place.
 B = Non-inter-level travel time spent in this place.
 C = Inter-level travel time spent in this place.
 D = Time resting spent in this place.
 E = Time spent auto-exploring this place.
 F = Levels seen in this place.
 G = Mean time per level.
                   A        B        C        D        E       F      G
               +--------+--------+--------+--------+--------+-----+--------+
         Total |   1585 |   1532 |     53 |    315 |   1070 |   2 |  792.5 |
       Dungeon |   1585 |   1532 |     53 |    315 |   1070 |   2 |  792.5 |
               +--------+--------+--------+--------+--------+-----+--------+

Top non-repeatable levels by time:
     D:1: 1378 daAuts
     D:2: 206 daAuts
